 Dungeon Crawl Stone Soup version 0.22.1-2-g9c5b331 (webtiles) character file.

72207 MalarOregon the Spear-Bearer (level 15, -1/119 HPs)
             Began as a Merfolk Ice Elementalist on Nov 22, 2018.
             Was a High Priest of Nemelex Xobeh.
             Slain by an alligator (13 damage)
             ... on level 14 of the Dungeon.
             The game lasted 01:46:25 (31775 turns).

MalarOregon the Spear-Bearer (MfIE)                Turns: 31775, Time: 01:46:26

Health: -1/119     AC: 15    Str: 10    XL:     15   Next: 39%
Magic:  27/28      EV: 19    Int: 19    God:    Nemelex Xobeh [*****.]
Gold:   1088       SH: 15    Dex: 19    Spells: 2/33 levels left

rFire    + . .     SeeInvis +   a - +3 trident (protect)
rCold    . . .     Gourm    .   H - +2 large shield
rNeg     . . .     Faith    .   X - +1 leather armour {rF+}
rPois    +         Spirit   .   D - +0 helmet {SInv}
rElec    .         Reflect  .   f - +2 cloak {rPois}
rCorr    .         Harm     .   M - +3 pair of gauntlets of War {Slay+5}
MR       ++...                  n - +2 pair of boots
Stlth    ++........             (no amulet)
HPRegen  0.29/turn              Q - +4 ring of dexterity
MPRegen  0.21/turn              l - ring of protection from magic

@: studying Dodging
A: change form in water, swift swim, stealthy swim
a: Triple Draw, Deal Four, Stack Five, Renounce Religion


You were on level 14 of the Dungeon.
You worshipped Nemelex Xobeh.
Nemelex Xobeh was extremely pleased with you.
You were not hungry.

You visited 3 branches of the dungeon, and saw 22 of its levels.
You also visited: Labyrinth and Volcano.

You collected 1532 gold pieces.
You spent 444 gold pieces at shops.

Inventory:

Hand Weapons
 a - a +3 trident of protection (weapon)
   (You found it in a labyrinth)
Missiles
 p - 4 poisoned javelins
 y - 8 javelins of returning
 E - 5 throwing nets {!f}
 N - 12 javelins (quivered)
Armour
 f - a +2 cloak of poison resistance (worn)
   (You took it off Crazy Yiuf on level 4 of the Dungeon)
 n - a +2 pair of boots (worn)
   (You found it on level 8 of the Dungeon)
 D - a +0 helmet of see invisible (worn)
   (You acquired it on level 14 of the Dungeon)
 H - a +2 large shield (worn)
   (You took it off an orc on level 9 of the Dungeon)
 M - the +3 pair of gauntlets of War (worn) {Slay+5}
   (You found it on level 4 of the Dungeon)

   It affects your accuracy and damage with ranged weapons and melee attacks
   (+5).
 X - a +1 leather armour of fire resistance (worn)
   (You found it in a volcano)
Jewellery
 i - an uncursed ring of protection from fire
   (You found it on level 14 of the Dungeon)
 l - a ring of protection from magic (right hand)
   (You found it in a labyrinth)
 Q - a +4 ring of dexterity (left hand)
   (You took it off an orc wizard on level 12 of the Dungeon)
Wands
 u - a wand of paralysis (45)
   (You found it on level 8 of the Dungeon)
 v - a wand of digging (21)
   (You found it on level 7 of the Dungeon)
 x - a wand of acid (14)
   (You found it on level 8 of the Dungeon)
Scrolls
 d - 13 scrolls of remove curse {@r2}
 g - a scroll of fog
 k - 4 scrolls of immolation {!r}
 o - 9 scrolls of teleportation {@r4}
 q - 4 scrolls of blinking
 B - 14 scrolls of identify {@r1}
 G - 3 scrolls of holy word
 T - a scroll of magic mapping
Potions
 b - 2 potions of resistance
 c - 9 potions of agility
 j - 10 potions of curing {@q1}
 m - 4 potions of mutation {!q}
 s - 7 potions of might
 A - 2 potions of magic
 C - a potion of heal wounds {@q2}
 F - 4 potions of berserk rage
 J - a potion of flight
 K - a potion of lignification {!q}
 O - 2 potions of invisibility
 R - a potion of brilliance
Books
 t - a manual of Dodging {!d}
   (You found it on level 12 of the Dungeon)
Miscellaneous
 h - a legendary deck of destruction
   (Nemelex Xobeh gifted it to you on level 3 of the Lair of Beasts)
 r - a plain deck of destruction
   (Nemelex Xobeh gifted it to you on level 6 of the Lair of Beasts)
 w - a plain deck of destruction
   (Nemelex Xobeh gifted it to you on level 14 of the Dungeon)
 I - an ornate deck of destruction
   (Nemelex Xobeh gifted it to you on level 12 of the Dungeon)
 L - a plain deck of destruction
   (Nemelex Xobeh gifted it to you in a labyrinth)
 P - a phantom mirror
 S - a plain deck of escape {the Shaft, left: 2}
   (Nemelex Xobeh gifted it to you on level 1 of the Lair of Beasts)
 U - a plain deck of destruction {drawn: 2}
   (Nemelex Xobeh gifted it to you on level 3 of the Lair of Beasts)
 W - an ornate deck of summoning
   (Nemelex Xobeh gifted it to you on level 5 of the Lair of Beasts)
 Y - an ornate deck of summoning
   (Nemelex Xobeh gifted it to you on level 4 of the Lair of Beasts)
 Z - a plain deck of summoning
   (Nemelex Xobeh gifted it to you on level 6 of the Lair of Beasts)
Comestibles
 e - 31 rations {!d}


   Skills:
 + Level 11.2 Fighting
 + Level 13.5 Polearms
 + Level 10.2 Throwing
 + Level 13.5 Dodging
 - Level 2.1 Stealth
 * Level 5.1 Shields
 + Level 9.8 Spellcasting
   Level 0.7 Conjurations
 + Level 2.2 Hexes
 + Level 2.5 Charms
 - Level 2.0 Summonings
 + Level 11.5 Ice Magic
 + Level 9.5 Invocations


You had 2 spell levels left.
You knew the following spells:

 Your Spells              Type           Power        Failure   Level  Hunger
a - Freeze                Ice            ####         1%          1    None
b - Ozocubu's Armour      Chrm/Ice       #####...     22%         3    None
c - Blink                 Tloc           N/A          90%         2    None
d - Summon Ice Beast      Ice/Summ       #####...     63%         4    ###....
e - Invisibility          Hex            ###.....     100%        6    ######.
f - Call Canine Familiar  Summ           ###.....     87%         3    None
s - Swiftness             Chrm/Air       ##......     77%         2    None
t - Spectral Weapon       Hex/Chrm       ###.....     83%         3    None
w - Summon Mana Viper     Hex/Summ       ###.....     100%        5    #####..
x - Poisonous Vapours     Pois/Air       #.....       90%         2    None

Your spell library contained the following spells:

 Spells                   Type           Power        Failure   Level  Hunger
 Ensorcelled Hibernation  Hex/Ice        #####.       12%         2    None
 Throw Frost              Conj/Ice       ####..       17%         2    None
 Infusion                 Chrm           ###.         43%         1    None
 Summon Butterflies       Summ           ###.....     52%         1    None
 Slow                     Hex            ###.....     63%         2    None
 Call Imp                 Summ           ###.....     65%         2    None
 Magic Dart               Conj           ##..         69%         1    None
 Shock                    Conj/Air       ##..         75%         1    None
 Sting                    Conj/Pois      ##..         75%         1    None
 Shroud of Golubria       Chrm/Tloc      ##........   77%         2    None
 Animate Skeleton         Necr           N/A          80%         1    None
 Throw Icicle             Conj/Ice       ####....     73%         4    ###....
 Metabolic Englaciation   Hex/Ice        #####.....   91%         5    #####..
 Inner Flame              Hex/Fire       ##......     94%         3    None
 Portal Projectile        Hex/Tloc       ##....       94%         3    None
 Conjure Flame            Conj/Fire      ##......     98%         3    None
 Mephitic Cloud           Conj/Pois/Air  ##......     98%         3    None
 Static Discharge         Conj/Air       ##......     98%         3    None
 Gell's Gravitas          Tloc           #.........   99%         3    None
 Vampiric Draining        Necr           #.........   99%         3    None
 Airstrike                Air            #.........   100%        4    ###....
 Agony                    Necr           #.......     100%        5    #####..
 Bolt of Draining         Conj/Necr      ##........   100%        5    #####..
 Dispel Undead            Necr           #.......     100%        5    #####..
 Lightning Bolt           Conj/Air       ##........   100%        5    #####..
 Bolt of Cold             Conj/Ice       ####......   100%        6    ######.
 Freezing Cloud           Conj/Ice/Air   ###.......   100%        6    ######.
 Ring of Flames           Chrm/Fire      ##........   100%        7    #######
 Spellforged Servitor     Conj/Summ      ##........   100%        7    #######
 Summon Hydra             Summ           ###.......   100%        7    #######


Dungeon Overview and Level Annotations

Branches:
Dungeon (15/15)            Temple (1/1) D:7            Lair (6/6) D:10
  Swamp (0/4) Lair:2       Spider (0/4) Lair:4        Slime (0/5) Lair:6
    Orc (0/2) D:11         Vaults (0/5) D:13
 Depths: D:15

Altars:
Ashenzari
Cheibriados
Dithmenos
Elyvilon
Fedhas
Gozag
Hepliaklqana
Kikubaaqudgha
Makhleb
Nemelex Xobeh
Okawaru
Qazlal
Ru
Sif Muna
Trog
Uskayaw
Vehumet
Wu Jian
Xom
Yredelemnul
Zin
The Shining One

Shops:
D:10 !   D:11 %

Annotations:
D:7 Harold


Message History

Aim: a spark wasp (thunder, severely wounded, misshapen and mutated, covered in The orb of energy hits the ettin.
You kill the ettin!
The brown ugly thing returns to its original shape as it dies.
You draw a card...
It is Wild Magic.
There is a sudden explosion of magical energy!
The explosion engulfs the spark wasp.
The spark wasp dies!
The explosion engulfs you!
* * * LOW HITPOINT WARNING * * *
The ettin looks as sick as possible!
The ettin looks incredibly sick.
You feel a surge of magic.
The ettin is no longer covered in acid.
The ettin seems to return to its normal shape.
Lightning arcs down from a storm cloud!
Lightning arcs down from a storm cloud!
Lightning arcs down from a storm cloud!
A film of ice covers your body!
You hit the ettin.
Your weapon exudes an aura of protection.
The ettin misses you. You block the ettin's attack.
You puncture the ettin!
You kill the ettin!
You puncture the alligator! You block the alligator's attack.
The alligator misses you.
You puncture the alligator!
The alligator puts on a burst of speed!
Aim: an alligator (lightly wounded, covering ground quickly)
You freeze the alligator.
The alligator seems to slow down.
The alligator misses you. The alligator tail-slaps you.
* * * LOW HITPOINT WARNING * * *
Your icy armour cracks and falls away as you move.
The alligator is no longer moving slowly.
Aim: an alligator (moderately wounded, covering ground quickly)
You freeze the alligator.
The alligator seems to slow down.
The alligator barely misses you.
The alligator tail-slaps you but does no damage.
Your magical contamination has completely faded away.
The alligator misses you. You block the alligator's attack.
The alligator is no longer moving slowly.
You block the alligator's attack. The alligator tail-slaps you!
* * * LOW HITPOINT WARNING * * *
Aim: an alligator (moderately wounded, covering ground quickly)
You freeze the alligator.
The alligator seems to slow down.
Unknown command.
You block the alligator's attack. x2
The alligator is no longer moving slowly.
Aim: an alligator (moderately wounded, covering ground quickly)
You freeze the alligator. The alligator bites you!
You die...
Your body glows with a rainbow of weird colours and disappears.

##..#.#.# #.###.###
#....#.# #.......#
#######.########.###
.................#
#######.########.#
...............#.#
#######.#####.##.#
#######.# #.##t#
........# #.##@#
######### #.##.#
......# #.##.#
.####.# #.##.# .#
#.# #.##.# .####.#
#.##.# ......#
#.##.# ......#
#.##.# ......####
#.##.#


You could see an alligator.

Vanquished Creatures
  An emperor scorpion (D:12)
  2 ettins (D:14)
  An ogre mage (Volcano)
  A rakshasa (D:14)
  A hydra (D:11)
  A catoblepas (Lab)
  2 centaur warriors
  2 dancing weapons (D:12)
  5 two-headed ogres
  A vampire mage (D:12)
  A queen ant (Lair:2)
  Sonja (D:10)
  A fire crab (Lair:3)
  A wizard (D:14)
  A swamp dragon (Lair:6)
  An anaconda (D:14)
  A death drake (shapeshifter) (D:13)
  A lindwurm (Lair:3)
  9 deep elf magi
  Pikel (D:8)
  3 orc sorcerers (D:12)
  3 manticores
  An oklob plant (Lair:3)
  2 cyclopes (D:13)
  5 ugly things
  A salamander (D:12)
  5 elephants
  2 centaur zombies
  A guardian serpent (Lair:6)
  A torpor snail (Lair:6)
  7 black mambas
  A gargoyle (D:13)
  3 naga magi (D:12)
  4 centaur skeletons
  6 rime drakes
  16 spiny frogs
  4 komodo dragons
  A tyrant leech (Lair:6)
  2 hornets (Lair:6)
  2 trolls
  A wind drake (D:12)
  2 slime creatures (Lair:6)
  8 hippogriffs
  A shadow (D:14)
  4 redbacks (Lair:6)
  5 wraiths
  2 vampires
  11 wyverns
  4 basilisks
  37 yaks
  2 hungry ghosts
  A steam dragon (Lair:6)
  A spatial vortex (Lab)
  19 soldier ants (Lair:2)
  2 acid dragons (Lair:6)
  22 water moccasins
  A slave (D:8)
  2 swamp drakes (Lair:6)
  A porcupine (Lair:5)
  8 orc warriors
  A phantom (D:14)
  4 sky beasts
  An eye of draining (D:12)
  2 ice beasts
  4 necrophages
  9 ogres
  23 wolves
  11 centaurs
  11 crocodiles
  A big kobold (D:10)
  10 bullfrogs
  An earth elemental (Lab)
  3 scorpions
  22 killer bees
  8 wights
  A howler monkey (D:6)
  8 crimson imps
  5 hounds
  2 quasits (D:7)
  Crazy Yiuf (D:4)
  4 bullfrog skeletons
  11 jellies
  14 orc wizards
  6 orc priests
  An iron imp (D:5)
  Ijyb (D:4)
  Natasha (thrice) (D:3)
  4 iguanas
  25 worker ants
  2 killer bee zombies (D:9)
  A hound skeleton (D:5)
  A mummy (D:10)
  2 worker ant zombies
  6 adders
  8 gnolls
  2 shadow imps
  3 oozes
  2 worms
  2 adder skeletons
  A dart slug (D:3)
  3 leopard geckos
  44 orcs
  7 bats
  5 giant cockroaches
  7 goblins
  6 hobgoblins
  16 jackals
  12 kobolds
  5 quokkas
  6 ball pythons
  7 frilled lizards
  A quokka skeleton (D:4)
  2 quokka zombies
  8 rats
  A fungus (Lair:4)
  A plant (Lair:3)
  A withered plant (D:10)
598 creatures vanquished.

Vanquished Creatures (collateral kills)
  A hydra (Lair:5)
  Erica (Lair:2)
  3 two-headed ogres
  A hell knight (Volcano)
  2 elephants
  Psyche (D:8)
  5 yaks
  A soldier ant (Lair:2)
  3 wolves
  2 killer bees (D:7)
  An orc wizard (D:8)
21 creatures vanquished.

Vanquished Creatures (others)
  A spark wasp (D:14)
  A wizard (D:7)
  A hippogriff (D:15)
  A vampire mosquito (D:15)
  An adder (D:12)
  2 ball lightnings (D:15)
  A bush (Lair:6)
  40 fungi
  51 plants
99 creatures vanquished.

Grand Total: 718 creatures vanquished

Notes
Turn   | Place    | Note
-------+----------+-------------------------------------------
     0 | D:1      | MalarOregon the Merfolk Ice Elementalist began the quest
                  | for the Orb.
     0 | D:1      | Reached XP level 1. HP: 13/13 MP: 3/3
   393 | D:1      | Reached XP level 2. HP: 19/20 MP: 1/5
   743 | D:1      | Reached skill level 1 in Fighting
   902 | D:2      | Reached skill level 1 in Throwing
   902 | D:2      | Reached XP level 3. HP: 16/26 MP: 0/6
  1133 | D:2      | Learned a level 2 spell: Throw Frost
  1137 | D:2      | Learned a level 3 spell: Ozocubu's Armour
  1519 | D:2      | Reached XP level 4. HP: 32/32 MP: 5/7
  1668 | D:2      | Found a stormy altar of Qazlal.
  2011 | D:2      | Found a radiant altar of Vehumet.
  2466 | D:3      | Reached XP level 5. HP: 23/38 MP: 0/9
  2905 | D:3      | Found an ornate altar of the Wu Jian Council.
  3042 | D:3      | Noticed Natasha
  3049 | D:3      | Killed Natasha
  3179 | D:3      | Found a burning altar of Makhleb.
  3211 | D:3      | Noticed Natasha
  3215 | D:3      | Killed Natasha
  3215 | D:3      | Reached skill level 1 in Polearms
  3468 | D:3      | Noticed Natasha
  3488 | D:3      | Killed Natasha
  3488 | D:3      | Reached XP level 6. HP: 23/46 MP: 4/10
  3496 | D:3      | Learned a level 4 spell: Summon Ice Beast
  4053 | D:4      | Found the +3 pair of gauntlets of War {Slay+5}
  4218 | D:4      | Noticed Ijyb
  4224 | D:4      | Killed Ijyb
  4666 | D:4      | Found a runed door.
  4786 | D:4      | Found a shattered altar of Ashenzari.
  4935 | D:4      | Noticed Crazy Yiuf
  4938 | D:4      | Killed Crazy Yiuf
  5001 | D:5      | Entered Level 5 of the Dungeon
  5113 | D:5      | Reached XP level 7. HP: 21/52 MP: 10/12
  5465 | D:5      | Found a snail-covered altar of Cheibriados.
  5475 | D:5      | Reached skill level 5 in Dodging
  5760 | D:5      | Reached skill level 5 in Ice Magic
  5834 | D:5      | Reached XP level 8. HP: 43/60 MP: 13/13
  6327 | D:6      | Noticed a troll
  6521 | D:6      | Killed a troll
  6521 | D:6      | Reached skill level 5 in Polearms
  6623 | D:6      | HP: 3/61 [orc priest/nerve-wracking pain (12)]
  6678 | D:6      | Found a bloodstained altar of Trog.
  6946 | D:6      | Found a sacrificial altar of Ru.
  7006 | D:6      | Reached XP level 9. HP: 67/67 MP: 15/15
  7102 | D:6      | Reached skill level 5 in Fighting
  7940 | D:7      | Reached skill level 5 in Spellcasting
  8138 | D:7      | Found a sparkling altar of Nemelex Xobeh.
  8253 | D:7      | Reached skill level 5 in Throwing
  8492 | D:7      | Noticed Harold
  8660 | D:7      | Found a staircase to the Ecumenical Temple.
  8665 | Temple   | Entered the Ecumenical Temple
  8879 | D:7      | Became a worshipper of Nemelex Xobeh the Trickster
  8950 | D:7      | Received a gift from Nemelex Xobeh
  9033 | D:7      | Found a bloodstained altar of Trog.
  9201 | D:7      | Noticed a wizard
  9205 | D:7      | Killed a wizard
  9286 | D:8      | Found a glowing silver altar of Zin.
  9286 | D:8      | Noticed an angel
  9537 | D:8      | Reached XP level 10. HP: 76/76 MP: 18/18
  9543 | D:8      | Found a shadowy altar of Dithmenos.
  9561 | D:8      | Reached skill level 1 in Invocations
  9577 | D:8      | Reached skill level 1 in Summonings
 10041 | D:8      | Noticed Psyche
 10078 | D:8      | Killed Psyche
 10423 | D:8      | Noticed Pikel
 10467 | D:8      | Killed Pikel
 10506 | D:8      | Found an iron altar of Okawaru.
 10561 | D:8      | Reached * piety under Nemelex Xobeh
 10926 | D:9      | Found a shadowy altar of Dithmenos.
 11291 | D:9      | Found a basalt altar of Yredelemnul.
 11432 | D:9      | Received a gift from Nemelex Xobeh
 11570 | D:9      | Reached ** piety under Nemelex Xobeh
 12294 | D:9      | Found a shadowy altar of Dithmenos.
 12441 | D:9      | Found a basalt altar of Yredelemnul.
 12582 | D:10     | Entered Level 10 of the Dungeon
 12618 | D:10     | Found a staircase to the Lair.
 12784 | D:10     | Noticed a two-headed ogre
 12797 | D:10     | Killed a two-headed ogre
 12797 | D:10     | Reached XP level 11. HP: 49/84 MP: 1/20
 12855 | D:10     | Noticed Sonja
 12888 | D:10     | Killed Sonja
 12906 | D:10     | HP: 3/84 [yak (2)]
 12914 | D:10     | HP: 3/84 [yak (2)]
 13700 | D:10     | Noticed a two-headed ogre
 13712 | D:10     | Killed a two-headed ogre
 14134 | D:10     | Found Rys Kac's Distillery.
 14143 | D:10     | Bought a potion of resistance for 120 gold pieces
 14143 | D:10     | Bought a potion of curing for 36 gold pieces
 14143 | D:10     | Bought a potion of flight for 36 gold pieces
 14143 | D:10     | Bought a potion of might for 48 gold pieces
 14143 | D:10     | Bought a potion of lignification for 36 gold pieces
 14143 | D:10     | Bought a potion of curing for 36 gold pieces
 14143 | D:10     | Bought a potion of curing for 36 gold pieces
 14143 | D:10     | Bought a potion of heal wounds for 60 gold pieces
 14143 | D:10     | Bought a potion of curing for 36 gold pieces
 14820 | D:11     | Noticed a manticore
 14899 | Lair:1   | Entered Level 1 of the Lair of Beasts
 15025 | Lair:1   | Reached skill level 10 in Dodging
 15085 | Lair:1   | Found a labyrinth entrance.
 15091 | Lab      | Entered a labyrinth
 15136 | Lab      | HP: 2/86 [earth elemental (34)]
 15528 | Lab      | Received a gift from Nemelex Xobeh
 15563 | Lab      | Noticed a minotaur
 15570 | Lab      | Noticed a catoblepas
 15570 | Lab      | a minotaur changed into a catoblepas
 15589 | Lab      | Killed a catoblepas
 15589 | Lab      | Reached skill level 5 in Invocations
 15936 | Lair:1   | Reached skill level 10 in Polearms
 16047 | Lair:1   | Reached XP level 12. HP: 80/92 MP: 22/22
 16130 | Lair:1   | Reached *** piety under Nemelex Xobeh
 16254 | Lair:1   | Received a gift from Nemelex Xobeh
 16555 | Lair:2   | Noticed Erica
 16626 | Lair:2   | Killed Erica
 17060 | Lair:2   | Got a fine robe
 17105 | Lair:2   | Found a staircase to the Swamp.
 17429 | Lair:2   | Received a gift from Nemelex Xobeh
 17664 | Lair:2   | Noticed a queen ant
 17705 | Lair:2   | Killed a queen ant
 18006 | Lair:2   | Identified the +0 robe "Qyblojoq" {rF+ Int+4 Dex-3} (You
                  | found it on level 2 of the Lair of Beasts)
 18288 | Lair:3   | Reached **** piety under Nemelex Xobeh
 18470 | Lair:3   | Reached XP level 13. HP: 78/101 MP: 25/25
 18481 | Lair:3   | Received a gift from Nemelex Xobeh
 18815 | Lair:3   | Received a gift from Nemelex Xobeh
 19106 | Lair:3   | Learned a level 2 spell: Blink
 19109 | Lair:3   | Learned a level 2 spell: Poisonous Vapours
 19492 | Lair:4   | Found a hole to the Spider Nest.
 19521 | Lair:4   | Reached ***** piety under Nemelex Xobeh
 19546 | Lair:4   | Reached skill level 10 in Ice Magic
 20076 | Lair:4   | Received a gift from Nemelex Xobeh
 20291 | Lair:5   | Found a dark tunnel.
 20452 | Volcano  | Entered a volcano
 20468 | Volcano  | Noticed an ogre mage
 20500 | Volcano  | Killed an ogre mage
 20519 | Volcano  | Found a radiant altar of Vehumet.
 21478 | Lair:5   | Received a gift from Nemelex Xobeh
 21724 | Lair:6   | Entered Level 6 of the Lair of Beasts
 21856 | Lair:6   | Received a gift from Nemelex Xobeh
 21867 | Lair:6   | Reached skill level 10 in Fighting
 22252 | Lair:6   | Noticed a fire dragon
 22258 | Lair:6   | a fire dragon changed into a tyrant leech
 22941 | Lair:6   | Reached XP level 14. HP: 27/110 MP: 15/26
 23998 | Lair:6   | Found a staircase to the Slime Pits.
 24711 | Lair:6   | Received a gift from Nemelex Xobeh
 25247 | D:11     | Found Aczenn's Food Boutique.
 25327 | D:11     | Found a staircase to the Orcish Mines.
 26072 | D:11     | Reached skill level 1 in Shields
 27720 | D:12     | Identified the Catalogue of Aid and Sinister Arts
 27744 | D:12     | Found a deep blue altar of Sif Muna.
 28093 | D:12     | Received a gift from Nemelex Xobeh
 28093 | D:12     | Received a gift from Nemelex Xobeh
 28132 | D:12     | Paralysed by an orc sorcerer for 4 turns
 28297 | D:12     | Identified the Almanac of Quantum Hexes
 28299 | D:12     | Identified Leseown's Papyrus of Sinister Displacement
 28312 | D:12     | Learned a level 6 spell: Invisibility
 28315 | D:12     | Learned a level 2 spell: Swiftness
 28319 | D:12     | Learned a level 3 spell: Spectral Weapon
 28327 | D:12     | Identified the Reference Book on Ice and Battle Magic
 28329 | D:12     | Identified Odghebro's Witchery, Part One
 28347 | D:12     | Noticed a deep elf sorcerer
 28351 | D:12     | Noticed an emperor scorpion
 28351 | D:12     | a deep elf sorcerer changed into an emperor scorpion
 28366 | D:12     | Killed an emperor scorpion
 28647 | D:12     | Identified Palir's Disquisition on the Glacier
 28673 | D:12     | Reached skill level 10 in Throwing
 28716 | D:13     | Found a gate to the Vaults.
 28958 | D:12     | Reached skill level 1 in Hexes
 28958 | D:12     | Reached skill level 1 in Charms
 29178 | D:12     | Learned a level 3 spell: Call Canine Familiar
 29184 | D:12     | Learned a level 5 spell: Summon Mana Viper
 29195 | D:13     | Reached XP level 15. HP: 118/118 MP: 28/28
 30668 | D:14     | Identified a scroll of acquirement
 30977 | D:14     | Received a gift from Nemelex Xobeh
 31689 | D:15     | Entered Level 15 of the Dungeon
 31721 | D:14     | Reached skill level 5 in Shields
 31775 | D:14     | Slain by an alligator

Skill      XL: |  1  2  3  4  5  6  7  8  9 10 11 12 13 14 15 |
---------------+----------------------------------------------+-----
Dodging        | 3 4 5 6 8 9 10 11 12 13 | 13.5
Fighting       | 1 2 3 4 5 7 8 9 10 11 | 11.2
Throwing       | 1 2 3 4 5 6 7 8 9 10 | 10.2
Ice Magic      | 4 5 6 7 8 9 10 11 | 11.5
Polearms       | 1 2 3 5 7 8 10 11 12 13 | 13.5
Spellcasting   | 3 4 5 6 7 8 9 |  9.8
Invocations    | 3 5 6 8 9 |  9.5
Summonings     | 2 |  2.0
Shields        | 3 5 |  5.1
Hexes          | 1 2 |  2.2
Charms         | 1 2 |  2.5
Stealth        | |  2.1
Conjurations   | |  0.7

Action                   |  1- 3 |  4- 6 |  7- 9 | 10-12 | 13-15 || total
-------------------------+-------+-------+-------+-------+-------++-------
Melee: Unarmed           |    38 |       |       |       |       ||    38
       Short sword       |    10 |    16 |       |       |       ||    26
       Spear             |       |    73 |   147 |       |       ||   220
       Trident           |       |       |    78 |   790 |  1183 ||  2051
       Tailslap          |       |       |       |     2 |       ||     2
Throw: Stone             |    24 |    81 |   117 |   102 |     2 ||   326
       Javelin           |       |    37 |    25 |    64 |   140 ||   266
       Tomahawk          |       |       |     7 |    53 |       ||    60
 Cast: Freeze            |    42 |    77 |    28 |   133 |   142 ||   422
       Throw Frost       |       |     5 |       |       |       ||     5
       Ozocubu's Armour  |       |       |     3 |    19 |    10 ||    32
       Summon Ice Beast  |       |       |     2 |    23 |    13 ||    38
       Poisonous Vapours |       |       |       |       |    71 ||    71
Invok: Stack Five        |       |       |       |       |     2 ||     2
Evoke: Deck              |       |       |       |     6 |    33 ||    39
       Wand              |       |       |       |     3 |     8 ||    11
       Lightning rod     |       |       |       |       |     4 ||     4
  Use: Scroll            |       |     7 |    11 |     6 |    12 ||    36
       Potion            |       |       |     7 |     3 |     5 ||    15
 Stab: Sleeping          |     2 |     4 |     4 |     8 |     2 ||    20
       Distracted        |       |       |     1 |     5 |     1 ||     7
       Paralysed         |       |       |       |     2 |    12 ||    14
       Petrified         |       |       |       |       |     4 ||     4
  Eat: Chunk             |     3 |    10 |    15 |    46 |    36 ||   110
       Ration            |       |     2 |       |     1 |       ||     3
Armor: Robe              |     8 |    16 |    21 |   259 |    72 ||   376
       Leather armour    |       |       |    42 |    31 |   302 ||   375
       Acid dragon scale |       |       |       |       |    12 ||    12
Dodge: Dodged            |    59 |    88 |   169 |   734 |   864 ||  1914
Block: Large shield      |       |       |       |       |   408 ||   408
